SNL (28 & UNDER)
SALEM SILVER SOULS @ BEAUMONT ROUGHNECKS
09/27/2026
 
TOP OF THE 1ST
Salem Silver Souls batting - Pitching for New Hampshire Fisher Cats : RHP Jeff Thompson
Pitching: RHP Jeff Thompson
Batting: LHB Nick Scott 0-0: Called Strike
0-1: Ball
1-1: SINGLE (Line Drive, 4MD)
Batting: RHB Ron Edwards 0-0: Foul Ball, location: 2F
0-1: Called Strike
0-2: Ground out 5-3 (Groundball, 5S)
Nick Scott to second
Batting: LHB Raúl Cordero 0-0: Swinging Strike
0-1: Foul Ball, location: 2F
0-2: Strikes out swinging
Batting: LHB Millard Dye 0-0: Ball
1-0: Swinging Strike
1-1: Swinging Strike
1-2: Strikes out swinging
Top of the 1st over - 0 run(s), 1 hit(s), 0 error(s), 1 left on base; Salem 0 - New Hampshire 0
BOTTOM OF THE 1ST
New Hampshire Fisher Cats batting - Pitching for Salem Silver Souls : LHP Francisco Nieto
Pitching: LHP Francisco Nieto
Batting: RHB Franklin Lawrence 0-0: Called Strike
0-1: Ball
1-1: Ground out U3 (Groundball, 3)
Batting: RHB Jeff Mason 0-0: Foul Ball, location: 2F
0-1: Foul Ball, location: 2F
0-2: Strikes out looking
Batting: RHB Anthony Hezell 0-0: Called Strike
0-1: SINGLE (Line Drive, 89S)
Batting: RHB Felipe Rivas 0-0: Called Strike
0-1: Ball
1-1: Fly out, F8 (Flyball, 8RD)
Bottom of the 1st over - 0 run(s), 1 hit(s), 0 error(s), 1 left on base; Salem 0 - New Hampshire 0
TOP OF THE 2ND
Salem Silver Souls batting - Pitching for New Hampshire Fisher Cats : RHP Jeff Thompson
Batting: RHB Gustavo Pagán 0-0: Foul Ball, location: 2F
0-1: Swinging Strike
0-2: Foul Ball, location: 2F
0-2: Strikes out swinging
Batting: RHB Gabriel Miranda 0-0: Swinging Strike
0-1: Ball
1-1: Ball
2-1: Foul Ball, location: 2F
2-2: Ball
3-2: Foul Ball, location: 2F
3-2: Foul Ball, location: 2F
3-2: Base on Balls
Batting: RHB Jaime Rodríguez 0-0: Ball
1-0: Ball
2-0: Foul Ball, location: 2F
2-1: Foul Ball, location: 2F
2-2: Ball
3-2: Strikes out swinging
Batting: RHB Augusto Baiano 0-0: Fly out, F9 (Flyball, 89S)
Top of the 2nd over - 0 run(s), 0 hit(s), 0 error(s), 1 left on base; Salem 0 - New Hampshire 0
BOTTOM OF THE 2ND
New Hampshire Fisher Cats batting - Pitching for Salem Silver Souls : LHP Francisco Nieto
Batting: LHB Cam Flowers 0-0: Ball
1-0: SINGLE (Line Drive, 4D)
Batting: RHB Miguel Costa 0-0: Foul Ball, location: 2F
0-1: Swinging Strike
0-2: Ground out 4-3 (Groundball, 4M)
Cam Flowers to second
Batting: RHB Benjamin Lawson 0-0: Called Strike
0-1: Called Strike
0-2: Ball
1-2: Strikes out swinging
Batting: RHB Albert Alemán 0-0: Called Strike
0-1: Ball
1-1: Ground out 6-3 (Groundball, 6)
Bottom of the 2nd over - 0 run(s), 1 hit(s), 0 error(s), 1 left on base; Salem 0 - New Hampshire 0
TOP OF THE 3RD
Salem Silver Souls batting - Pitching for New Hampshire Fisher Cats : RHP Jeff Thompson
Batting: SHB Francis Shaffer Single, Error in OF, E9, batter to second base
Batting: LHB Nick Scott 0-0: Ball
1-0: Swinging Strike
1-1: Swinging Strike
1-2: Foul Ball, location: 2F
1-2: Ball
2-2: Ball
3-2: Ground out 4-3 (Groundball, 4)
Francis Shaffer to third
Batting: RHB Ron Edwards 0-0: Foul Ball, location: 2F
0-1: Ball
1-1: Ball
2-1: Fly out, F9 (Line Drive, 9M)
Runner from 3rd tags up, SCORES, throw made
Batting: LHB Raúl Cordero 0-0: Ball
1-0: Swinging Strike
1-1: Ball
2-1: Swinging Strike
2-2: Strikes out swinging
Top of the 3rd over - 1 run(s), 1 hit(s), 1 error(s), 0 left on base; Salem 1 - New Hampshire 0
BOTTOM OF THE 3RD
New Hampshire Fisher Cats batting - Pitching for Salem Silver Souls : LHP Francisco Nieto
Batting: LHB Tony Rivera 0-0: Called Strike
0-1: Foul Ball, location: 2F
0-2: Ball
1-2: Ball
2-2: Ball
3-2: Fly out, F6 (Popup, 56)
Batting: RHB Franklin Lawrence 0-0: Ball
1-0: Ball
2-0: Ball
3-0: Called Strike
3-1: Base on Balls
Batting: RHB Jeff Mason 0-0: Ball
Franklin Lawrence steals 2nd base
1-0: Called Strike
1-1: Foul Ball, location: 2F
1-2: Foul Ball, location: 2F
1-2: Ball
2-2: Ball
3-2: Foul Ball, location: 2F
3-2: Fly out, F8 (Flyball, 8LM)
Batting: RHB Anthony Hezell 0-0: Swinging Strike
0-1: 2-RUN HOME RUN (Flyball, 7LD), Distance : 376 ft
Batting: RHB Felipe Rivas 0-0: Ball
1-0: Foul Ball, location: 2F
1-1: Ball
2-1: Fly out, F7 (Line Drive, 7M)
Bottom of the 3rd over - 2 run(s), 1 hit(s), 0 error(s), 0 left on base; Salem 1 - New Hampshire 2
TOP OF THE 4TH
Salem Silver Souls batting - Pitching for New Hampshire Fisher Cats : RHP Jeff Thompson
Batting: LHB Millard Dye 0-0: Foul Ball, location: 2F
0-1: Fly out, F7 (Flyball, 7M)
Batting: RHB Gustavo Pagán 0-0: Ball
1-0: Swinging Strike
1-1: Ball
2-1: Fly out, F4 (Popup, 34D)
Batting: RHB Gabriel Miranda 0-0: Foul Ball, location: 2F
0-1: Called Strike
0-2: SINGLE (Flyball, 8LS)
Batting: RHB Jaime Rodríguez 0-0: Ball
1-0: Foul Ball, location: 2F
1-1: Ball
2-1: Fly out, F7 (Line Drive, 7M)
Top of the 4th over - 0 run(s), 1 hit(s), 0 error(s), 1 left on base; Salem 1 - New Hampshire 2
BOTTOM OF THE 4TH
New Hampshire Fisher Cats batting - Pitching for Salem Silver Souls : LHP Francisco Nieto
Batting: LHB Cam Flowers 0-0: Fly out, F8 (Flyball, 8RM)
Batting: RHB Miguel Costa 0-0: Ball
1-0: Ground out 4-3 (Groundball, 4M)
Batting: RHB Benjamin Lawson 0-0: Ground out 5-3 (Groundball, 5)
Bottom of the 4th over - 0 run(s), 0 hit(s), 0 error(s), 0 left on base; Salem 1 - New Hampshire 2
TOP OF THE 5TH
Salem Silver Souls batting - Pitching for New Hampshire Fisher Cats : RHP Jeff Thompson
Batting: RHB Augusto Baiano 0-0: Ball
1-0: Fly out, F9 (Popup, 4D)
Batting: SHB Francis Shaffer 0-0: Ground out 4-3 (Groundball, 4)
Batting: LHB Nick Scott 0-0: Called Strike
0-1: Swinging Strike
0-2: Ball
1-2: Fly out, F2 (Popup, 2RF)
Top of the 5th over - 0 run(s), 0 hit(s), 0 error(s), 0 left on base; Salem 1 - New Hampshire 2
BOTTOM OF THE 5TH
New Hampshire Fisher Cats batting - Pitching for Salem Silver Souls : LHP Francisco Nieto
Batting: RHB Albert Alemán 0-0: Foul Ball, location: 2F
0-1: Fly out, F9 (Flyball, 9S)
Batting: LHB Tony Rivera 0-0: Called Strike
0-1: Swinging Strike
0-2: Ball
1-2: Hit by Pitch
Batting: RHB Franklin Lawrence 0-0: Ball
1-0: Ball
2-0: Grounds into double play, 4-6-3 (Groundball, 4)
Bottom of the 5th over - 0 run(s), 0 hit(s), 0 error(s), 0 left on base; Salem 1 - New Hampshire 2
TOP OF THE 6TH
Salem Silver Souls batting - Pitching for New Hampshire Fisher Cats : RHP Jeff Thompson
Batting: RHB Ron Edwards 0-0: Called Strike
0-1: Ball
1-1: Foul Ball, location: 2F
1-2: Ball
2-2: Foul Ball, location: 2F
2-2: Ball
3-2: Strikes out looking
Batting: LHB Raúl Cordero 0-0: DOUBLE (Flyball, 8RXD)
Batting: LHB Millard Dye 0-0: Ball
1-0: Called Strike
1-1: DOUBLE (Line Drive, 5D)
Raúl Cordero scores
Batting: RHB Gustavo Pagán 0-0: Ball
1-0: Called Strike
1-1: Foul Ball, location: 2F
1-2: Strikes out swinging
Batting: RHB Gabriel Miranda 0-0: Foul Ball, location: 2F
0-1: Ball
1-1: Foul Ball, location: 2F
1-2: Ball
2-2: Ball
3-2: Foul Ball, location: 2F
3-2: Ground out 6-3 (Groundball, 6)
Top of the 6th over - 1 run(s), 2 hit(s), 0 error(s), 1 left on base; Salem 2 - New Hampshire 2
BOTTOM OF THE 6TH
New Hampshire Fisher Cats batting - Pitching for Salem Silver Souls : LHP Francisco Nieto
Batting: RHB Jeff Mason 0-0: Ball
1-0: Foul Ball, location: 2F
1-1: Swinging Strike
1-2: Strikes out looking
Batting: RHB Anthony Hezell 0-0: Called Strike
0-1: Ball
1-1: Foul Ball, location: 2F
1-2: Foul Ball, location: 2F
1-2: SINGLE (Groundball, 5D)
Batting: RHB Felipe Rivas 0-0: Called Strike
0-1: Ball
1-1: SINGLE (Line Drive, 34D)
Anthony Hezell to second
Runner from 2nd tries for 3rd, OUT!
Batting: LHB Cam Flowers 0-0: Fly out, F8 (Flyball, 8RM)
Bottom of the 6th over - 0 run(s), 2 hit(s), 0 error(s), 1 left on base; Salem 2 - New Hampshire 2
TOP OF THE 7TH
Salem Silver Souls batting - Pitching for New Hampshire Fisher Cats : RHP Jeff Thompson
Batting: RHB Jaime Rodríguez 0-0: Ball
1-0: Ball
2-0: Swinging Strike
2-1: Ball
3-1: Fly out, F8 (Flyball, 8LM)
Pitching: LHP David Richardson
Batting: RHB Augusto Baiano 0-0: Fly out, F9 (Flyball, 89M)
Batting: SHB Francis Shaffer 0-0: Ball
1-0: Ball
2-0: Called Strike
2-1: Called Strike
2-2: Foul Ball, location: 2F
2-2: Strikes out swinging
Top of the 7th over - 0 run(s), 0 hit(s), 0 error(s), 0 left on base; Salem 2 - New Hampshire 2
BOTTOM OF THE 7TH
New Hampshire Fisher Cats batting - Pitching for Salem Silver Souls : LHP Francisco Nieto
Batting: RHB Miguel Costa 0-0: Called Strike
0-1: Ball
1-1: Called Strike
1-2: Strikes out swinging
Batting: RHB Benjamin Lawson 0-0: Ball
1-0: Ball
2-0: Foul Ball, location: 2F
2-1: Swinging Strike
2-2: Foul Ball, location: 2F
2-2: Strikes out looking
Batting: RHB Albert Alemán 0-0: Foul Ball, location: 2F
0-1: Fly out, F8 (Flyball, 8LS)
Bottom of the 7th over - 0 run(s), 0 hit(s), 0 error(s), 0 left on base; Salem 2 - New Hampshire 2
TOP OF THE 8TH
Salem Silver Souls batting - Pitching for New Hampshire Fisher Cats : LHP David Richardson
Pinch Hitting: RHB Willie Houk 0-0: DOUBLE (Line Drive, 78XD)
Batting: RHB Ron Edwards 0-0: Foul Ball, location: 2F
0-1: Ground out 4-3 (Groundball, 4)
Willie Houk to third
Pinch Hitting: RHB Jack Snyder 0-0: Ball
1-0: Ball
2-0: Foul Ball, location: 2F
2-1: Called Strike
2-2: Strikes out looking
Batting: LHB Millard Dye 0-0: Ball
1-0: Swinging Strike
1-1: Ball
2-1: Swinging Strike
2-2: Strikes out swinging
Top of the 8th over - 0 run(s), 1 hit(s), 0 error(s), 1 left on base; Salem 2 - New Hampshire 2
BOTTOM OF THE 8TH
New Hampshire Fisher Cats batting - Pitching for Salem Silver Souls : LHP Francisco Nieto
Now at 1B: Willie Houk
Now in RF: Jermaine Carter
Batting: LHB Tony Rivera 0-0: Foul Ball, location: 2F
0-1: Ball
1-1: Foul Ball, location: 2F
1-2: Fly out, F8 (Flyball, 8RS)
Batting: RHB Franklin Lawrence 0-0: Swinging Strike
0-1: Ball
1-1: Foul Ball, location: 2F
1-2: Ball
2-2: Foul Ball, location: 2F
2-2: Ball
3-2: Foul Ball, location: 2F
3-2: DOUBLE (Flyball, 9LD)
Pitching: RHP Andy Hickey
Batting: RHB Jeff Mason 0-0: Ball
1-0: Fly out, F4 (Popup, 3D)
Batting: RHB Anthony Hezell 0-0: Called Strike
0-1: Ball
1-1: Ball
2-1: Foul Ball, location: 2F
2-2: Foul Ball, location: 2F
2-2: Strikes out swinging
Bottom of the 8th over - 0 run(s), 1 hit(s), 0 error(s), 1 left on base; Salem 2 - New Hampshire 2
TOP OF THE 9TH
Salem Silver Souls batting - Pitching for New Hampshire Fisher Cats : LHP David Richardson
Pitching: RHP Grady Connolly
Batting: RHB Gustavo Pagán 0-0: Ball
1-0: Foul Ball, location: 2F
1-1: Ball
2-1: Fly out, F8 (Flyball, 8RXD)
Batting: RHB Gabriel Miranda 0-0: Ball
1-0: Ball
2-0: Ground out 5-3 (Groundball, 5L)
Batting: RHB Jaime Rodríguez 0-0: Ball
1-0: Ground out 5-3 (Groundball, 56)
Top of the 9th over - 0 run(s), 0 hit(s), 0 error(s), 0 left on base; Salem 2 - New Hampshire 2
BOTTOM OF THE 9TH
New Hampshire Fisher Cats batting - Pitching for Salem Silver Souls : RHP Andy Hickey
Pitching: RHP Taylor Bowen
Batting: RHB Felipe Rivas 0-0: Foul Ball, location: 2F
0-1: Fly out, F3 (Popup, 3DF)
Batting: LHB Cam Flowers 0-0: Called Strike
0-1: Called Strike
0-2: Ball
1-2: SINGLE (Line Drive, 9S)
Batting: RHB Miguel Costa 0-0: Grounds into double play, 4-6-3 (Groundball, 4)
Bottom of the 9th over - 0 run(s), 1 hit(s), 0 error(s), 0 left on base; Salem 2 - New Hampshire 2
TOP OF THE 10TH
Salem Silver Souls batting - Pitching for New Hampshire Fisher Cats : RHP Grady Connolly
Pinch Hitting: LHB Lyle Wilson 0-0: Foul Ball, location: 2F
0-1: Ball
1-1: Called Strike
1-2: Ball
2-2: Strikes out swinging
Batting: SHB Francis Shaffer 0-0: Ball
1-0: Ball
2-0: Ball
3-0: Base on Balls
Batting: RHB Willie Houk 0-0: Foul Ball, location: 2F
0-1: Called Strike
0-2: Strikes out swinging
Batting: RHB Ron Edwards 0-0: Called Strike
0-1: Called Strike
0-2: Foul Ball, location: 2F
0-2: Strikes out swinging
Top of the 10th over - 0 run(s), 0 hit(s), 0 error(s), 1 left on base; Salem 2 - New Hampshire 2
BOTTOM OF THE 10TH
New Hampshire Fisher Cats batting - Pitching for Salem Silver Souls : RHP Taylor Bowen
Now at 1B: Lyle Wilson
Batting: RHB Benjamin Lawson 0-0: Called Strike
0-1: Ball
1-1: Foul Ball, location: 2F
1-2: Ball
2-2: Foul Ball, location: 2F
2-2: Ball
3-2: Base on Balls
Batting: RHB Albert Alemán 0-0: Bunted foul
0-1: Sac Bunt - play at first, batter OUT! 1-4
Benjamin Lawson to second
Batting: LHB Tony Rivera 0-0: Intentional Walk
Batting: RHB Franklin Lawrence 0-0: Called Strike
Benjamin Lawson steals 3rd base
Tony Rivera to second
0-1: Intentional Walk
Batting: RHB Jeff Mason 0-0: Ball
1-0: Ball
2-0: Called Strike
2-1: Fly out, F7 (Line Drive, 7LS)
Now in LF: Adam Thomas
Batting: RHB Anthony Hezell 0-0: Ball
1-0: Foul Ball, location: 2F
1-1: Foul Ball, location: 2F
1-2: Ball
2-2: Foul Ball, location: 2F
2-2: Strikes out looking
Bottom of the 10th over - 0 run(s), 0 hit(s), 0 error(s), 3 left on base; Salem 2 - New Hampshire 2
TOP OF THE 11TH
Salem Silver Souls batting - Pitching for New Hampshire Fisher Cats : RHP Grady Connolly
Pitching: LHP Artie Nelson
Batting: LHB Jermaine Carter 0-0: Ball
1-0: Foul Ball, location: 2F
1-1: Foul Ball, location: 2F
1-2: Ground out 6-3 (Groundball, 6M)
Batting: LHB Millard Dye 0-0: Ball
1-0: Ball
2-0: Foul Ball, location: 2F
2-1: Ball
3-1: Swinging Strike
3-2: Strikes out swinging
Batting: RHB Gustavo Pagán 0-0: Ball
1-0: Fly out, F8 (Flyball, 8RM)
Top of the 11th over - 0 run(s), 0 hit(s), 0 error(s), 0 left on base; Salem 2 - New Hampshire 2
BOTTOM OF THE 11TH
New Hampshire Fisher Cats batting - Pitching for Salem Silver Souls : RHP Taylor Bowen
Pitching: RHP Jeff Hansen
Batting: RHB Felipe Rivas 0-0: Fly out, F7 (Flyball, 78S)
Batting: LHB Cam Flowers 0-0: Called Strike
0-1: Foul Ball, location: 2F
0-2: Ball
1-2: Ball
2-2: Ball
3-2: Strikes out looking
Batting: RHB Miguel Costa 0-0: Called Strike
0-1: Swinging Strike
0-2: Strikes out swinging
Bottom of the 11th over - 0 run(s), 0 hit(s), 0 error(s), 0 left on base; Salem 2 - New Hampshire 2
TOP OF THE 12TH
Salem Silver Souls batting - Pitching for New Hampshire Fisher Cats : LHP Artie Nelson
Batting: RHB Gabriel Miranda 0-0: Ball
1-0: Fly out, F9 (Flyball, 9S)
Batting: RHB Jaime Rodríguez 0-0: Called Strike
0-1: Ball
1-1: Swinging Strike
1-2: Ball
2-2: Ball
3-2: Foul Ball, location: 2F
3-2: Strikes out looking
Batting: LHB Lyle Wilson 0-0: Called Strike
0-1: Ball
1-1: Fly out, F8 (Flyball, 8LM)
Top of the 12th over - 0 run(s), 0 hit(s), 0 error(s), 0 left on base; Salem 2 - New Hampshire 2
BOTTOM OF THE 12TH
New Hampshire Fisher Cats batting - Pitching for Salem Silver Souls : RHP Jeff Hansen
Batting: RHB Benjamin Lawson 0-0: Ground out 5-3 (Groundball, 5S)
Batting: RHB Albert Alemán 0-0: Ball
1-0: Ball
2-0: Ball
3-0: Base on Balls
Batting: LHB Tony Rivera 0-0: Ball
1-0: Ball
2-0: Called Strike
2-1: Foul Ball, location: 2F
2-2: Foul Ball, location: 2F
2-2: Ball
3-2: Base on Balls
Albert Alemán to second
Batting: RHB Franklin Lawrence 0-0: Ball
1-0: Called Strike
1-1: Ball
2-1: Swinging Strike
2-2: Strikes out swinging
Batting: RHB Jeff Mason 0-0: Fielders Choice at 2nd, U4 (Groundball, 4M)
Bottom of the 12th over - 0 run(s), 0 hit(s), 0 error(s), 2 left on base; Salem 2 - New Hampshire 2
TOP OF THE 13TH
Salem Silver Souls batting - Pitching for New Hampshire Fisher Cats : LHP Artie Nelson
Batting: SHB Francis Shaffer 0-0: Ball
1-0: Ground out 5-3 (Groundball, 5S)
Batting: RHB Willie Houk 0-0: Called Strike
0-1: Ball
1-1: Foul Ball, location: 2F
1-2: Ball
2-2: Strikes out looking
Batting: RHB Adam Thomas 0-0: Ball
1-0: Ball
2-0: Foul Ball, location: 2F
2-1: DOUBLE (Flyball, 8RM)
Batting: LHB Jermaine Carter 0-0: Called Strike
0-1: Ball
1-1: Swinging Strike
1-2: Foul Ball, location: 2F
1-2: Foul Ball, location: 2F
1-2: Ball
2-2: Ground out 1-3 (Groundball, 13)
Top of the 13th over - 0 run(s), 1 hit(s), 0 error(s), 1 left on base; Salem 2 - New Hampshire 2
BOTTOM OF THE 13TH
New Hampshire Fisher Cats batting - Pitching for Salem Silver Souls : RHP Jeff Hansen
Batting: RHB Anthony Hezell 0-0: Ball
1-0: Called Strike
1-1: Ball
2-1: Ball
3-1: Called Strike
3-2: Foul Ball, location: 2F
3-2: Strikes out swinging
Batting: RHB Felipe Rivas 0-0: Foul Ball, location: 2F
0-1: SINGLE (Line Drive, 34D)
Batting: LHB Cam Flowers 0-0: Called Strike
0-1: Grounds into double play, 4-6-3 (Groundball, 4)
Bottom of the 13th over - 0 run(s), 1 hit(s), 0 error(s), 0 left on base; Salem 2 - New Hampshire 2
TOP OF THE 14TH
Salem Silver Souls batting - Pitching for New Hampshire Fisher Cats : LHP Artie Nelson
Pitching: RHP Jesús Ortíz
Batting: LHB Millard Dye 0-0: Called Strike
0-1: Swinging Strike
0-2: Ball
1-2: Ball
2-2: Fly out, F9 (Flyball, 9D)
Batting: RHB Gustavo Pagán 0-0: Ball
1-0: Fly out, F8 (Flyball, 8LS)
Batting: RHB Gabriel Miranda 0-0: Ball
1-0: Called Strike
1-1: Ball
2-1: Ball
3-1: Fly out, F6 (Popup, 6)
Top of the 14th over - 0 run(s), 0 hit(s), 0 error(s), 0 left on base; Salem 2 - New Hampshire 2
BOTTOM OF THE 14TH
New Hampshire Fisher Cats batting - Pitching for Salem Silver Souls : RHP Jeff Hansen
Batting: RHB Miguel Costa 0-0: Ball
1-0: Foul Ball, location: 2F
1-1: Foul Ball, location: 2F
1-2: Ball
2-2: SOLO HOME RUN (Flyball, 7D), Distance : 417 ft
Monday, December 5th, 2016 - OOTP Baseball 17.12 Build 75